 Dungeon Crawl Stone Soup version 0.25-a0-42-g6c54e25894 (webtiles) character file.

Game seed: 8192351364677409034, levelgen mode: deterministic

2517 coldmire the Nimble (level 9, -3/55 HPs)
             Began as a Halfling Berserker on Oct 22, 2019.
             Was an Elder of Trog.
             Slain by a thrashing horror (5 damage)
             ... on level 1 of the Abyss.
             The game lasted 00:25:28 (7853 turns).

coldmire the Nimble (Halfling Berserker)            Turns: 7853, Time: 00:25:29

Health: -3/55      AC:  2    Str: 17 (18) XL:     9   Next: 83%
Magic:  9/9        EV: 26    Int:  2 (5)  God:    Trog [****..]
Gold:   498        SH:  0    Dex: 15 (17) Spells: 8/8 levels left

rFire    + . .     SeeInvis .   a - +1 short sword
rCold    + . .     Gourm    .   (shield restricted)
rNeg     . . .     Faith    +   b - +0 animal skin
rPois    +         Spirit   .   (no helmet)
rElec    .         Reflect  .   G - scarf {rC+ rF+}
rCorr    .         Harm     .   (no gloves)
MR       .....                  (no boots)
Stlth    +.........             A - amulet of faith
HPRegen  0.18/turn              z - +3 ring of evasion
MPRegen  0.11/turn              B - ring of poison resistance

@: no status effects
A: small, mutation resistance 1
a: Berserk, Trog's Hand, Brothers in Arms, Renounce Religion


You were on level 1 of the Abyss.
You worshipped Trog.
Trog was greatly pleased with you.
You were very hungry.

You visited 1 branch of the dungeon, and saw 8 of its levels.
You visited the Abyss 1 time.

You collected 498 gold pieces.

Inventory:

Hand Weapons
 a - a +1 short sword (weapon)
Armour
 b - a +0 animal skin (worn)
 G - a scarf of resistance (worn)
Jewellery
 r - a -5 ring of protection
 u - an uncursed amulet of inaccuracy
 z - a +3 ring of evasion (left hand)
 A - an amulet of faith (around neck)
 B - a ring of poison resistance (right hand)
 C - an uncursed amulet of faith
Wands
 l - a wand of iceblast (9)
 o - a wand of polymorph (5)
 F - a wand of digging (14)
Scrolls
 e - 2 scrolls of enchant armour {unknown}
 f - a scroll of random uselessness
 i - 5 scrolls of amnesia
 n - 6 scrolls of identify
 w - a scroll of blinking {unknown}
 x - 2 scrolls of fear
 y - 2 scrolls of remove curse
 D - a scroll of teleportation {unknown}
 E - a scroll of fog {unknown}
Potions
 d - 2 potions of lignification
 g - a potion of cancellation {unknown}
 h - 2 potions of ambrosia {unknown}
 j - 3 potions of heal wounds {unknown}
 k - a potion of mutation {unknown}
 m - 2 potions of degeneration
 p - a potion of magic {unknown}
 q - 7 potions of curing
 s - a potion of brilliance {unknown}
 t - 3 potions of resistance
 v - a potion of might {unknown}
Comestibles
 c - 6 rations


   Skills:
 - Level 2.9 Fighting
 - Level 9.9 Short Blades
 - Level 2.3 Armour
 + Level 10.9 Dodging


You had 8 spell levels left.
You didn't know any spells.
Your spell library was empty.

Dungeon Overview and Level Annotations

Branches:
Dungeon (8/15)             Temple (0/1) D:7
   Lair: D:8-11

Altars:
Ashenzari
Cheibriados
Gozag
Nemelex Xobeh
Vehumet
Yredelemnul
The Shining One

Annotations:
D:3 Sigmund
D:8 Psyche


Innate Abilities, Weirdness & Mutations

You are small and have problems with some larger weapons.
You are somewhat resistant to further mutation.


Message History

The thrashing horror completely misses you.
The thrashing horror completely misses you.
The thrashing horror tramples you.
* * * LOW HITPOINT WARNING * * *
You hold your ground!
You are feeling very hungry.
The thrashing horror misses you. The thrashing horror tramples you.
* * * LOW HITPOINT WARNING * * *
You hold your ground!
The thrashing horror roars!
The thrashing horror tramples you!
* * * LOW HITPOINT WARNING * * *
You stumble backwards!
It was a potion of degeneration.
There was something very wrong with that liquid.
You feel weakened.
You feel dopey.
You feel clumsy. The thrashing horror misses you.
The thrashing horror barely misses you.
The thrashing horror roars!
The thrashing horror tramples you.
You die...

# ......#..
#.#####.(......
.#.#.##........ #
##.#........... #.#
...#.. #... .#
#..####.#.#....#...##
#....##.#.#.......#
##....#.....#.# .###
#..@X.x.### ..#.# .
#.#..#.#≈≈≈≈#..#....
#. ##..#≈.≈ ≈... ...
# ≈≈≈≈≈≈≈≈≈..######
.≈≈≈.≈≈≈≈≈≈#.#..#
.####≈≈≈≈≈# .#..# ..
≈≈≈♣♣##.. .## #. ≈ ≈
≈≈≈#. #..# #
#....#..'..#


You could see a thrashing horror and a small abomination.

Vanquished Creatures
  Harold (D:7)
  Grinder (D:3)
  A shadow (D:6)
  A water moccasin (D:7)
  2 sky beasts
  2 ogres
  3 bullfrogs
  A water moccasin skeleton (D:7)
  A scorpion (D:4)
  4 howler monkeys
  A crimson imp (D:4)
  3 orc priests (D:3)
  3 orc wizards (D:7)
  4 worker ants
  2 hound skeletons
  Robin (D:2)
  A howler monkey skeleton (D:5)
  8 adders
  2 shadow imps
  An ooze (D:5)
  2 worms
  2 dart slugs
  5 leopard geckos
  23 orcs
  8 giant cockroaches
  9 goblins
  8 hobgoblins
  7 jackals
  7 quokkas
  2 ball pythons (D:1)
  7 bats
  5 frilled lizards
  2 kobolds
  2 leopard gecko skeletons
  5 rats
137 creatures vanquished.

Notes
Turn   | Place    | Note
-------+----------+-------------------------------------------
     0 | D:1      | coldmire the Halfling Berserker began the quest for the
                  | Orb.
     0 | D:1      | Reached XP level 1. HP: 15/15 MP: 1/1
   172 | D:1      | Reached XP level 2. HP: 16/20 MP: 2/2
   581 | D:1      | Reached XP level 3. HP: 22/25 MP: 3/3
   847 | D:2      | Reached ** piety under Trog
   877 | D:2      | Reached skill level 5 in Short Blades
   886 | D:2      | Reached XP level 4. HP: 21/30 MP: 4/4
  1354 | D:2      | Found a sparkling altar of Nemelex Xobeh.
  1499 | D:2      | Noticed Robin
  1526 | D:2      | Killed Robin
  2060 | D:3      | Reached XP level 5. HP: 36/36 MP: 5/5
  2138 | D:3      | Noticed Grinder
  2151 | D:3      | Paralysed by Grinder for 2 turns
  2378 | D:3      | Paralysed by Grinder for 2 turns
  2421 | D:3      | Paralysed by Grinder for 7 turns
  2437 | D:3      | Killed Grinder
  2437 | D:3      | Reached XP level 6. HP: 33/41 MP: 6/6
  2784 | D:3      | Found a faded altar of an unknown god.
  2851 | D:3      | Found a shattered altar of Ashenzari.
  2864 | D:3      | Reached XP level 7. HP: 41/45 MP: 7/7
  3097 | D:3      | Noticed Sigmund
  3771 | D:4      | Reached *** piety under Trog
  4374 | D:4      | Found an opulent altar of Gozag.
  4611 | D:4      | Found a radiant altar of Vehumet.
  4784 | D:5      | Entered Level 5 of the Dungeon
  5222 | D:5      | Reached skill level 3 in Dodging
  5393 | D:6      | Noticed a shadow
  5412 | D:6      | Killed a shadow
  5412 | D:6      | Reached skill level 4 in Dodging
  5412 | D:6      | Reached XP level 8. HP: 47/51 MP: 8/8
  5636 | D:6      | Reached skill level 5 in Dodging
  6175 | D:6      | Reached skill level 6 in Dodging
  6602 | D:7      | Found a staircase to the Ecumenical Temple.
  6656 | D:7      | Reached skill level 7 in Dodging
  6688 | D:7      | Reached **** piety under Trog
  6736 | D:7      | Noticed Harold
  6756 | D:7      | Killed Harold
  6756 | D:7      | Reached skill level 9 in Dodging
  6756 | D:7      | Reached XP level 9. HP: 52/55 MP: 9/9
  6759 | D:7      | Reached skill level 10 in Dodging
  7187 | D:7      | Found a snail-covered altar of Cheibriados.
  7402 | D:7      | Found a glowing golden altar of the Shining One.
  7530 | D:7      | Found a basalt altar of Yredelemnul.
  7532 | D:7      | Noticed a profane servitor
  7656 | D:7      | Noticed an angel
  7701 | D:8      | Noticed Psyche
  7736 | D:8      | Cast into level 1 of the Abyss (Psyche)
  7768 | Abyss:1  | Noticed a thrashing horror
  7802 | Abyss:1  | Noticed a spatial maelstrom
  7831 | Abyss:1  | Noticed a thrashing horror
  7851 | Abyss:1  | HP: 2/55 [thrashing horror (8)]
  7853 | Abyss:1  | Slain by a thrashing horror

Levels and vault maps discovered:
D:1:      dpeg_arrival_pits, layout_loops_ring
D:2:      layout_basic, overflow_temple_1_default, first_ration, uniq_robin
D:3:      layout_loops_ring, cheibrodos_ashenzari_chains,
          chequers_ecumenical_altar_island, grunt_decor_arrowhead,
          minmay_fountain_box, uniq_grinder, uniq_sigmund
D:4:      layout_basic, vehumet_crystals,
          nicolae_gozag_cash_rules_everything_around_me
D:5:      layout_loops_ring, kennysheep_decorative_pillar,
          palyth_stone_intersect
D:6:      layout_gridville
D:7:      layout_cave_pods, grunt_temple_overflow_holy_war,
          minmay_temple_entry_grid, basic_altar, serial_glass, glass_columns_a,
          glass_columns_a, glass_columns_b, glass_columns_b, uniq_harold
D:8:      layout_gridville, chequers_temple_overflow_minitemple, slow_altar_1,
          minmay_door_square, uniq_grum, uniq_psyche
Abyss:1:  abyss_furniture_001

Skill      XL: |  1  2  3  4  5  6  7  8  9 |
---------------+----------------------------+-----
Short Blades   | 4 5 6 8 9 |  9.9
Dodging        | 4 9 10 | 10.9
Fighting       | |  2.9
Armour         | |  2.3

Action                   |  1- 3 |  4- 6 |  7- 9 || total
-------------------------+-------+-------+-------++-------
Melee: Short sword       |   136 |   129 |   406 ||   671
Invok: Berserk           |       |     5 |     7 ||    12
  Use: Scroll            |       |       |     8 ||     8
       Potion            |       |       |     4 ||     4
 Stab: Sleeping          |       |     2 |     1 ||     3
  Eat: Chunk             |       |     7 |    12 ||    19
       Ration            |       |     1 |     3 ||     4
Armor: Animal skin       |    16 |    13 |    11 ||    40
       Skin              |       |       |    11 ||    11
Dodge: Dodged            |   114 |    78 |   247 ||   439

Table legend:
 A = Non-vault XP
 B = Vault XP
 C = Vault XP percentage of total XP
 D = Non-vault monster count
 E = Vault monster count
 F = Vault count percentage of total count
                 A         B        C        D         E       F
            +---------+---------+-------+---------+---------+-------
      Total |    2282 |    1315 |  36.6 |     129 |       8 |   5.8
            +---------+---------+-------+---------+---------+-------
        D:1 |      32 |       0 |   0.0 |      18 |       0 |   0.0
        D:2 |      68 |      25 |  26.9 |      25 |       6 |  19.4
        D:3 |     180 |     277 |  60.6 |      20 |       1 |   4.8
        D:4 |     333 |       0 |   0.0 |      18 |       0 |   0.0
        D:5 |      73 |       0 |   0.0 |       6 |       0 |   0.0
        D:6 |     667 |       0 |   0.0 |      15 |       0 |   0.0
        D:7 |     822 |    1013 |  55.2 |      24 |       1 |   4.0
        D:8 |     107 |       0 |   0.0 |       3 |       0 |   0.0
            +---------+---------+-------+---------+---------+-------
